 Dungeon Crawl Stone Soup version 0.26.1-2-gb8aa6d0cf2 (webtiles) character file.

Game seed: 14982270810049401970

217 Mrcawl the Changer (level 5, -2/39 HPs)
             Began as a Demigod Transmuter on Feb 23, 2021.
             Slain by an orc
             ... wielding a +0 trident
              (7 damage)
             ... on level 4 of the Dungeon on Feb 24, 2021.
             The game lasted 00:10:31 (4723 turns).

Mrcawl the Changer (Demigod Transmuter)             Turns: 4723, Time: 00:10:32

Health: -2/39      AC:  5    Str: 13    XL:     5   Next: 35%
Magic:  6/10       EV: 11    Int: 17    God:
Gold:   126        SH:  0    Dex: 18    Spells: 4/7 levels left

rFire    . . .     SeeInvis .     - Unarmed
rCold    . . .     Faith    .   (no shield)
rNeg     . . .     Spirit   .   f - +0 ring mail
rPois    +         Reflect  .   (helmet currently unavailable)
rElec    .         Harm     .   (no cloak)
rCorr    .         Rampage  .   (no gloves)
Will     .....                  (boots currently unavailable)
Stlth    +.........             (no amulet)
HPRegen  0.13/turn              (no ring)
MPRegen  0.12/turn              h - ring of poison resistance

@: appendages (expiring), wereblooded
A: horns 2, talons 2, high mp 1
a: End Transformation


You were on level 4 of the Dungeon.
You had grown temporary horns.
You had grown temporary talons.
You visited 1 branch of the dungeon, and saw 4 of its levels.

You collected 126 gold pieces.

Inventory:

Armour
 a - a +0 robe
 f - a +0 ring mail (worn)
 i - a +0 pair of boots (melded)
Jewellery
 g - an uncursed ring of positive energy
 h - a ring of poison resistance (right hand)
 j - an uncursed ring of attention
Scrolls
 b - 4 scrolls of identify
 c - a scroll of magic mapping
 m - a scroll of amnesia
Potions
 d - a potion of magic


   Skills:
 - Level 0.8 Fighting
 - Level 1.7 Dodging
 - Level 2.6 Unarmed Combat
 - Level 1.7 Spellcasting
 * Level 5.4 Transmutations


You had 4 spell levels left.
You knew the following spells:

 Your Spells              Type           Power        Failure   Level
a - Beastly Appendage     Tmut           40%          4%          1
b - Wereblood             Tmut           20%          7%          2

Your spell library contained the following spells:

 Spells                   Type           Power        Failure   Level
 Spider Form              Tmut/Pois      5%           38%         3
 Ice Form                 Ice/Tmut       10%          80%         4
 Blade Hands              Tmut           10%          78%         5


Dungeon Overview and Level Annotations

Branches:
Dungeon (4/15)
 Temple: D:4-7

Annotations:
D:3 Sigmund


Innate Abilities, Weirdness & Mutations

You have an increased reservoir of magic. (+10% MP)
You have a pair of horns on your head.
You have razor-sharp toenails.


Message History

Casting: Wereblood (safe; 7% risk of failure)
Confirm with . or Enter, or press ? or * to list all spells.
Your blood is infused with primal strength.
The bullfrog skeleton hits you. The orc misses you.
You closely miss the orc. Your kick misses the orc.
Your transformation is almost over.
The orc hits you from afar with a +0 trident!
* * * LOW HITPOINT WARNING * * *
You completely miss the orc.
The orc hits you from afar with a +0 trident.
* * * LOW HITPOINT WARNING * * *
The orc misses you.
You hit the orc. You claw the orc.
You kill the orc!
You hit the bullfrog skeleton.
The bullfrog skeleton is moderately damaged.
The bullfrog skeleton hits you.
* * * LOW HITPOINT WARNING * * *
The orc hits you from afar with a +0 trident!
You die...

#### .....
.....o###########
.....Z)@........#
......########.##
..... #.# ....
#.# ... #.# #+
#.# #.# #.# #.#


You could see an orc and a bullfrog skeleton.

Vanquished Creatures
  2 orc priests
  An orc wizard (D:4)
  2 adders (D:3)
  2 oozes
  2 worms
  A dart slug (D:2)
  3 leopard geckos
  6 orcs
  3 ball pythons
  3 giant cockroaches
  12 goblins
  5 hobgoblins
  8 jackals (D:2)
  11 kobolds
  A quokka (D:2)
  9 bats
  4 frilled lizards
  11 rats
86 creatures vanquished.

Vanquished Creatures (others)
  8 plants (D:3)
8 creatures vanquished.

Grand Total: 94 creatures vanquished

Notes
Turn   | Place    | Note
-------+----------+-------------------------------------------
     0 | D:1      | Mrcawl the Demigod Transmuter began the quest for the Orb.
     0 | D:1      | Reached XP level 1. HP: 15/15 MP: 5/5
    16 | D:1      | Reached skill level 2 in Transmutations
   635 | D:1      | Reached XP level 2. HP: 20/22 MP: 5/7
   638 | D:1      | Learned a level 2 spell: Wereblood
   952 | D:1      | Reached skill level 3 in Transmutations
  1063 | D:1      | Reached XP level 3. HP: 12/27 MP: 6/8
  1858 | D:2      | Found an opulent altar of Gozag.
  2005 | D:2      | Reached skill level 4 in Transmutations
  2645 | D:3      | Reached XP level 4. HP: 34/34 MP: 5/9
  3065 | D:3      | Found a faded altar of an unknown god.
  3323 | D:3      | Noticed Sigmund
  3365 | D:4      | HP: 1/34 [orc/+0 falchion (3)]
  4705 | D:4      | Reached skill level 5 in Transmutations
  4705 | D:4      | Reached XP level 5. HP: 22/39 MP: 6/10
  4723 | D:4      | Slain by an orc

Illustrated notes

Levels and vault maps discovered:
D:1:      dpeg_arrival_court, layout_basic, minmay_tromino_v4_c
D:2:      layout_loops_cross, general_overflow_altar, minmay_misc_feat_five
D:3:      layout_basic, serial_forest, infiniplex_forest_clump_tiny,
          infiniplex_forest_fountain, infiniplex_forest_end_2,
          infiniplex_forest_lined_2, infiniplex_forest_clump_tiny,
          infiniplex_forest_lined_room_3, infiniplex_forest_clump_long,
          chequers_ecumenical_altar_simple, uniq_sigmund
D:4:      old_forge, layout_basic, kennysheep_mini,
          nicolae_qazlal_general_emergency

Skill      XL: |  1  2  3  4 |
---------------+-------------+-----
Transmutations | 2 3 4 5 |  5.4
Fighting       | |  0.8
Dodging        | |  1.7
Unarmed Combat | |  2.6
Spellcasting   | |  1.7

Action                   |  1- 3 |  4- 6 || total
-------------------------+-------+-------++-------
Melee: Unarmed           |   155 |   102 ||   257
       Kick              |    25 |    30 ||    55
       Headbutt          |    15 |    11 ||    26
       Punch             |     1 |     2 ||     3
 Cast: Beastly Appendage |    22 |     9 ||    31
       Wereblood         |     2 |     3 ||     5
  Use: Scroll            |     3 |     4 ||     7
       Potion            |       |     4 ||     4
 Stab: Sleeping          |     1 |       ||     1
Armor: Robe              |     7 |       ||     7
       Ring mail         |    38 |    20 ||    58
Dodge: Dodged            |   108 |    36 ||   144
